 Dungeon Crawl Stone Soup version 0.26-a0-812-g31a745d (webtiles) character file.

Game seed: 11498697012985592587

70 MrTaco21 the Cudgeller (level 4, -1/28 HPs)
             Began as a Gargoyle Fighter on Nov 13, 2020.
             Slain by a worm (7 damage)
             ... on level 2 of the Dungeon.
             The game lasted 00:01:57 (2134 turns).

MrTaco21 the Cudgeller (Gargoyle Fighter)           Turns: 2134, Time: 00:01:57

Health: -1/28      AC: 11    Str: 20    XL:     4   Next: 22%
Magic:  4/4        EV:  7    Int:  9    God:
Gold:   158        SH:  9    Dex:  9    Spells: 3/3 levels left

rFire    . . .     SeeInvis .   l - -2 mace (curse)
rCold    . . .     Faith    .   c - +0 kite shield
rNeg     + . .     Spirit   .   b - +0 scale mail
rPois    ∞         Reflect  .   (no helmet)
rElec    +         Harm     .   (no cloak)
rCorr    .         Rampage  .   e - +0 pair of gloves
MR       .....                  (no boots)
Stlth    ..........             (no amulet)
HPRegen  0.09/turn              (no ring)
MPRegen  0.09/turn              (no ring)

@: no status effects
A: negative energy resistance 1, electricity resistance, unbreathing,
petrification resistance, rot immunity, AC +3
a: no special abilities


You were on level 2 of the Dungeon.
You visited 1 branch of the dungeon, and saw 3 of its levels.

You collected 158 gold pieces.

Inventory:

Hand Weapons
 a - a +0 flail
 l - a cursed -2 mace (weapon)
   (You found it on level 2 of the Dungeon)
Armour
 b - a +0 scale mail (worn)
 c - a +0 kite shield (worn)
 e - a +0 pair of gloves (worn)
   (You found it on level 1 of the Dungeon)
Scrolls
 h - a scroll of identify {unknown}
 i - a scroll of noise {unknown}
 j - a scroll of amnesia {unknown}
 k - a scroll of enchant weapon {unknown}
Potions
 d - a potion of might
 f - a potion of degeneration {unknown}
 g - a potion of attraction {unknown}


   Skills:
 - Level 3.2 Fighting
 + Level 4.3 Maces & Flails
 - Level 3.2 Armour
 - Level 3.2 Shields


You had 3 spell levels left.
You didn't know any spells.
Your spell library was empty.

Dungeon Overview and Level Annotations

Branches:
Dungeon (3/15)

Altars:
Trog


Innate Abilities, Weirdness & Mutations

You are resistant to torment.
Your stone body is resilient. (AC +3)
You are immune to poison.
You resist negative energy. (rN+)
You are resistant to electric shocks. (rElec)
You can survive without breathing.
You are immune to petrification.
You are immune to rotting.


Message History

You are too injured to fight recklessly!
You are too injured to fight recklessly!
You are too injured to fight recklessly!
The jackal bites you but does no damage. x2
The worm bites you.
* * * LOW HITPOINT WARNING * * *
You climb upwards.
There is a stone staircase leading down here.
The jackal bites you but does no damage.
You block the jackal's attack. x2
The jackal barely misses you. You block the jackal's attack.
The jackal bites you but does no damage.
You block the jackal's attack. You block the jackal's attack.
You block the jackal's attack.
You hit the jackal.
The jackal bites you but does no damage. x2
You hit the jackal. You block the jackal's attack.
You closely miss the jackal. The jackal closely misses you.
The jackal bites you but does no damage.
You closely miss the jackal. You block the jackal's attack.
The jackal bites you but does no damage.
You barely miss the jackal. You block the jackal's attack.
The jackal bites you but does no damage.
You hit the jackal.
You kill the jackal!
The jackal barely misses you.
Your shield prevents you from hitting the jackal.
The jackal barely misses you.
The jackal bites you but does no damage.
You hit the jackal but do no damage.
The jackal bites you but does no damage.
The jackal bites you.
* * * LOW HITPOINT WARNING * * *
You closely miss the jackal. You block the jackal's attack.
You hit the jackal.
The jackal bites you but does no damage.
You block the jackal's attack.
Your shield and scale mail prevent you from hitting the jackal.
The jackal bites you but does no damage. x2
You barely miss the jackal.
The jackal bites you but does no damage. x2
You miss the jackal. You block the jackal's attack.
The jackal barely misses you.
You hit the jackal.
You kill the jackal!
You hit the worm. You hit the worm but do no damage. The worm bites you!
You die...

#.#...####.........#.##
##.##.### ##.......##.##
#.......# ##.....###.##
#..####.# ##...## #.##
#..## #.# ##'## #.##
#...# #.# #.# #... #.#.#
#.#######.## #### #.#.#
#w#........#######
#.#.###@#.####...#......
#.......#.###......#####
###..........#...#.#
#######.##.......#
#.#####..### #.#####..#
#........#
###############.###
#........##.......#


You could see a worm.

Vanquished Creatures
  An adder (D:2)
  A worm (D:2)
  3 dart slugs
  2 ball pythons
  7 bats
  2 giant cockroaches (D:2)
  6 goblins
  5 hobgoblins
  3 jackals
  11 kobolds
  3 frilled lizards
  6 rats
50 creatures vanquished.

Notes
Turn   | Place    | Note
-------+----------+-------------------------------------------
     0 | D:1      | MrTaco21 the Gargoyle Fighter began the quest for the Orb.
     0 | D:1      | Reached XP level 1. HP: 14/14 MP: 1/1
   218 | D:1      | Reached XP level 2. HP: 19/19 MP: 2/2
   243 | D:1      | Reached skill level 3 in Maces & Flails
   438 | D:1      | Reached XP level 3. HP: 17/23 MP: 3/3
  1126 | D:2      | Found a bloodstained altar of Trog.
  1195 | D:2      | Reached skill level 4 in Maces & Flails
  1478 | D:2      | Reached XP level 4. HP: 28/28 MP: 4/4
  2134 | D:2      | Slain by a worm

Illustrated notes

Levels and vault maps discovered:
D:1:      lightli_iron_boxes, layout_basic, minmay_tromino_mix6
D:2:      layout_loops_corners, nicolae_overflow_crystal_walls
D:3:      layout_rooms, uniq_crazy_yiuf_cottage, uniq_sigmund

Skill      XL: |  1  2  3 |
---------------+----------+-----
Maces & Flails | 3 4 |  4.3
Fighting       | |  3.2
Armour         | |  3.2
Shields        | |  3.2

Action                   |  1- 3 |  4- 6 || total
-------------------------+-------+-------++-------
Melee: Flail             |   160 |    31 ||   191
       Mace              |       |    38 ||    38
Armor: Scale mail        |    87 |    66 ||   153
Dodge: Dodged            |    59 |    43 ||   102
Block: Kite shield       |    87 |    50 ||   137

Table legend: (Time is in decaauts)
 A = Elapsed time spent in this place.
 B = Non-inter-level travel time spent in this place.
 C = Inter-level travel time spent in this place.
 D = Time resting spent in this place.
 E = Time spent auto-exploring this place.
 F = Levels seen in this place.
 G = Mean time per level.
                   A        B        C        D        E       F      G
               +--------+--------+--------+--------+--------+-----+--------+
         Total |   2201 |   2105 |     96 |      0 |   1653 |   3 |  733.7 |
       Dungeon |   2201 |   2105 |     96 |      0 |   1653 |   3 |  733.7 |
               +--------+--------+--------+--------+--------+-----+--------+

Top non-repeatable levels by time:
     D:2: 1249 daAuts
     D:1: 921 daAuts
     D:3: 29 daAuts
